NYP
SALEM-KEIZER VOLCANOES @ BOISE HAWKS
09/02/2049
 
TOP OF THE 1ST
Salem-Keizer Volcanoes batting - Pitching for Boise Hawks : LHP Matt Belair
Pitching: LHP Matt Belair
Batting: RHB Adrian Martinelli 0-0: Swinging Strike
0-1: Ball
1-1: SOLO HOME RUN (Flyball, 78XD, EV 95.6 MPH), Distance : 387 ft
Batting: RHB Mario Saez 0-0: Ball
1-0: Ground out 6-3 (Groundball, 6S, EV 66.9 MPH)
Batting: LHB Adrian Navarro 0-0: Ball
1-0: Swinging Strike
1-1: Ball
2-1: Called Strike
2-2: Strikes out swinging
Batting: LHB Ben Radach 0-0: Ball
1-0: Called Strike
1-1: DOUBLE (Flyball, 8LXD, EV 102.5 MPH)
Batting: LHB Tom Reynolds 0-0: Ball
1-0: Ball
Wild Pitch!
Ben Radach to third
2-0: Foul Ball, location: 2F
2-1: Ball
3-1: Swinging Strike
3-2: Foul Ball, location: 2F
3-2: Foul Ball, location: 2F
3-2: Ground out 1-3 (Groundball, P, EV 68.8 MPH)
Top of the 1st over - 1 run, 2 hits, 0 errors, 1 left on base; Salem-Keizer 1 - Boise 0
BOTTOM OF THE 1ST
Boise Hawks batting - Pitching for Salem-Keizer Volcanoes : RHP Allen Vesey
Pitching: RHP Allen Vesey
Batting: SHB Clayton Saunders 0-0: Ball
1-0: Ball
2-0: Called Strike
2-1: Foul Ball, location: 2F
2-2: Foul Ball, location: 2F
2-2: Strikes out looking
Batting: SHB Justin Jackson 0-0: SINGLE (Groundball, 34D, EV 101.9 MPH)
Batting: LHB Jason Ryan 0-0: SINGLE (Line Drive, 4MD, EV 95.0 MPH)
Justin Jackson to second
Batting: RHB Justin Garrett 0-0: Swinging Strike
0-1: Ball
1-1: Foul Ball, location: 2F
1-2: Strikes out swinging
Batting: RHB Manny Thompson 0-0: Ball
1-0: Ball
2-0: DOUBLE (Flyball, 89XD, EV 106.9 MPH)
Justin Jackson scores
Jason Ryan to third
Batting: RHB Kevin McKasson 0-0: Called Strike
0-1: Ball
1-1: Foul Ball, location: 2F
1-2: Strikes out swinging
Bottom of the 1st over - 1 run, 3 hits, 0 errors, 2 left on base; Salem-Keizer 1 - Boise 1
TOP OF THE 2ND
Salem-Keizer Volcanoes batting - Pitching for Boise Hawks : LHP Matt Belair
Batting: RHB Matt Fabre 0-0: SINGLE (Groundball, 6MD, EV 102.5 MPH)
Batting: RHB Andy Cunningham 0-0: Ball
1-0: Swinging Strike
1-1: Ball
Matt Fabre steals 2nd base
2-1: Ball
3-1: Base on Balls
Batting: LHB Chris Raymond 0-0: Ball
1-0: Ball
2-0: Ball
3-0: Called Strike
3-1: Foul Ball, location: 2F
3-2: Foul Ball, location: 2F
3-2: Foul Ball, location: 2F
3-2: Strikes out looking
Batting: SHB Curtis Thompson 0-0: Called Strike
0-1: Ball
Wild Pitch!
Matt Fabre to third
Andy Cunningham to second
1-1: Called Strike
1-2: Fly out, F8 (Flyball, 8LD, EV 80.0 MPH)
Runner from 3rd tags up, SCORES, no throw by CF
Batting: RHB Adrian Martinelli 0-0: Called Strike
0-1: Foul Ball, location: 2F
0-2: Fly out, F8 (Flyball, 8RD, EV 101.2 MPH)
Top of the 2nd over - 1 run, 1 hit, 0 errors, 1 left on base; Salem-Keizer 2 - Boise 1
BOTTOM OF THE 2ND
Boise Hawks batting - Pitching for Salem-Keizer Volcanoes : RHP Allen Vesey
Batting: RHB Willie Benito 0-0: Called Strike
0-1: Foul Ball, location: 2F
0-2: Ball
1-2: Strikes out looking
Batting: RHB Josh Lofgreen 0-0: Ball
1-0: Called Strike
1-1: Foul Ball, location: 2F
1-2: Strikes out swinging
Batting: RHB Chris Kinder 0-0: Called Strike
0-1: Ball
1-1: Swinging Strike
1-2: Ball
2-2: Fly out, F3 (Line Drive, 34, EV 68.8 MPH)
Bottom of the 2nd over - 0 runs, 0 hits, 0 errors, 0 left on base; Salem-Keizer 2 - Boise 1
TOP OF THE 3RD
Salem-Keizer Volcanoes batting - Pitching for Boise Hawks : LHP Matt Belair
Batting: RHB Mario Saez 0-0: Called Strike
0-1: Ball
1-1: Ball
2-1: Ball
3-1: Called Strike
3-2: Foul Ball, location: 2F
3-2: Foul Ball, location: 2F
3-2: Ground out 6-3 (Groundball, 56, EV 83.8 MPH)
Batting: LHB Adrian Navarro 0-0: Ball
1-0: Ball
2-0: Ball
3-0: Base on Balls
Batting: LHB Ben Radach 0-0: Ball
Adrian Navarro is caught stealing 2nd base 2-6
1-0: Ground out U3 (Groundball, 3, EV 91.2 MPH)
Top of the 3rd over - 0 runs, 0 hits, 0 errors, 0 left on base; Salem-Keizer 2 - Boise 1
BOTTOM OF THE 3RD
Boise Hawks batting - Pitching for Salem-Keizer Volcanoes : RHP Allen Vesey
Batting: SHB Clayton Saunders 0-0: Called Strike
0-1: Ball
1-1: Ball
2-1: Foul Ball, location: 2F
2-2: Strikes out looking
Batting: SHB Justin Jackson 0-0: Called Strike
0-1: Ball
1-1: Ball
2-1: Ball
3-1: Ground out 6-3 (Groundball, 6, EV 90.0 MPH)
Batting: LHB Jason Ryan 0-0: Swinging Strike
0-1: Swinging Strike
0-2: Ball
1-2: Ball
2-2: Foul Ball, location: 2F
2-2: Foul Ball, location: 2F
2-2: Strikes out swinging
Bottom of the 3rd over - 0 runs, 0 hits, 0 errors, 0 left on base; Salem-Keizer 2 - Boise 1
TOP OF THE 4TH
Salem-Keizer Volcanoes batting - Pitching for Boise Hawks : LHP Matt Belair
Batting: LHB Tom Reynolds 0-0: Foul Ball, location: 2F
0-1: Ball
1-1: Foul Ball, location: 2F
1-2: Foul Ball, location: 2F
1-2: Ground out 1-3 (Groundball, 34S, EV 76.9 MPH)
Batting: RHB Matt Fabre 0-0: Swinging Strike
0-1: Ball
1-1: Foul Ball, location: 2F
1-2: Ball
2-2: Strikes out swinging
Batting: RHB Andy Cunningham 0-0: Ball
1-0: Ground out 5-3 (Groundball, 5S, EV 65.0 MPH)
Top of the 4th over - 0 runs, 0 hits, 0 errors, 0 left on base; Salem-Keizer 2 - Boise 1
BOTTOM OF THE 4TH
Boise Hawks batting - Pitching for Salem-Keizer Volcanoes : RHP Allen Vesey
Batting: RHB Justin Garrett 0-0: Called Strike
0-1: Swinging Strike
0-2: Strikes out swinging
Batting: RHB Manny Thompson 0-0: Called Strike
0-1: Foul Ball, location: 2F
0-2: Ball
1-2: Ball
2-2: Ball
3-2: Strikes out looking
Batting: RHB Kevin McKasson 0-0: Ball
1-0: Swinging Strike
1-1: Fly out, F9 (Flyball, 9, EV 90.0 MPH)
Bottom of the 4th over - 0 runs, 0 hits, 0 errors, 0 left on base; Salem-Keizer 2 - Boise 1
TOP OF THE 5TH
Salem-Keizer Volcanoes batting - Pitching for Boise Hawks : LHP Matt Belair
Batting: LHB Chris Raymond 0-0: Ball
1-0: Called Strike
1-1: SINGLE (Groundball, 6MD, EV 103.8 MPH)
Batting: SHB Curtis Thompson 0-0: Ball
1-0: Called Strike
1-1: Ball
Wild Pitch!
Chris Raymond to second
2-1: Foul Ball, location: 2F
2-2: Ground out 6-3 (Groundball, 6, EV 86.2 MPH)
Pitching: LHP Ernesto Galindo
Batting: RHB Adrian Martinelli 0-0: Ball
1-0: DOUBLE (Line Drive, 9LM, EV 104.4 MPH)
Chris Raymond scores
Batting: RHB Mario Saez 0-0: Called Strike
0-1: Fly out, F7 (Flyball, 7, EV 89.4 MPH)
Batting: LHB Adrian Navarro 0-0: Called Strike
0-1: Ball
1-1: Foul Ball, location: 2F
1-2: Ball
2-2: Ball
3-2: Base on Balls
Batting: LHB Ben Radach 0-0: Called Strike
0-1: Ball
1-1: Ball
2-1: Foul Ball, location: 2F
2-2: Ball
3-2: Foul Ball, location: 2F
3-2: Hit by Pitch
Adrian Martinelli to third
Adrian Navarro to second
Batting: LHB Tom Reynolds 0-0: Foul Ball, location: 2F
0-1: Foul Ball, location: 2F
0-2: SINGLE (Groundball, 34, EV 106.2 MPH)
Adrian Martinelli scores
Adrian Navarro to third
Ben Radach to second
Runner from 3rd tries for Home, SAFE, throw by RF to home
Batting: RHB Matt Fabre 0-0: Called Strike
0-1: Ball
1-1: Swinging Strike
1-2: Strikes out swinging
Top of the 5th over - 3 runs, 3 hits, 0 errors, 2 left on base; Salem-Keizer 5 - Boise 1
BOTTOM OF THE 5TH
Boise Hawks batting - Pitching for Salem-Keizer Volcanoes : RHP Allen Vesey
Batting: RHB Willie Benito 0-0: Ball
1-0: Called Strike
1-1: Ball
2-1: Ground out 5-3 (Groundball, 5, EV 78.8 MPH)
Batting: RHB Josh Lofgreen 0-0: Called Strike
0-1: Swinging Strike
0-2: Ball
1-2: Foul Ball, location: 2F
1-2: Ball
2-2: Strikes out swinging
Batting: RHB Chris Kinder 0-0: Ball
1-0: Ball
2-0: Foul Ball, location: 2F
2-1: Called Strike
2-2: Strikes out swinging
Bottom of the 5th over - 0 runs, 0 hits, 0 errors, 0 left on base; Salem-Keizer 5 - Boise 1
TOP OF THE 6TH
Salem-Keizer Volcanoes batting - Pitching for Boise Hawks : LHP Ernesto Galindo
Batting: RHB Andy Cunningham 0-0: Ball
1-0: Foul Ball, location: 2F
1-1: Ball
2-1: Fly out, F9 (Flyball, 9D, EV 86.9 MPH)
Batting: LHB Chris Raymond 0-0: Fly out, F9 (Line Drive, 9S, EV 85.6 MPH)
Batting: SHB Curtis Thompson 0-0: Called Strike
0-1: Called Strike
0-2: Ball
1-2: Foul Ball, location: 2F
1-2: Ball
2-2: Fly out, F2 (Popup, 13S, EV 81.9 MPH)
Top of the 6th over - 0 runs, 0 hits, 0 errors, 0 left on base; Salem-Keizer 5 - Boise 1
BOTTOM OF THE 6TH
Boise Hawks batting - Pitching for Salem-Keizer Volcanoes : RHP Allen Vesey
Batting: SHB Clayton Saunders 0-0: Ball
1-0: DOUBLE (Groundball, 3L, EV 103.1 MPH)
Batting: SHB Justin Jackson 0-0: Foul Ball, location: 2F
0-1: Foul Ball, location: 2F
0-2: Foul Ball, location: 2F
0-2: Ball
1-2: Foul Ball, location: 2F
1-2: Foul Ball, location: 2F
1-2: Strikes out looking
Batting: LHB Jason Ryan 0-0: Ball
1-0: Called Strike
1-1: Ball
2-1: Swinging Strike
2-2: Foul Ball, location: 2F
2-2: Foul Ball, location: 2F
2-2: Ball
3-2: Strikes out swinging
Pitching: RHP Joaquin Villalobos
Batting: RHB Justin Garrett 0-0: Called Strike
0-1: Ground out 5-3 (Groundball, 56S, EV 91.2 MPH)
Bottom of the 6th over - 0 runs, 1 hit, 0 errors, 1 left on base; Salem-Keizer 5 - Boise 1
TOP OF THE 7TH
Salem-Keizer Volcanoes batting - Pitching for Boise Hawks : LHP Ernesto Galindo
Batting: RHB Adrian Martinelli 0-0: Ball
1-0: Called Strike
1-1: SINGLE (Groundball, 6MD, EV 97.5 MPH)
Batting: RHB Mario Saez 0-0: Called Strike
0-1: Ball
1-1: Foul Ball, location: 2F
1-2: Grounds into double play, 5-4-3 (Groundball, 56, EV 102.5 MPH)
Pitching: RHP Kevin LeRette
Batting: LHB Adrian Navarro 0-0: Ball
1-0: Ball
2-0: Foul Ball, location: 2F
2-1: Fly out, F7 (Flyball, 7, EV 71.9 MPH)
Top of the 7th over - 0 runs, 1 hit, 0 errors, 0 left on base; Salem-Keizer 5 - Boise 1
BOTTOM OF THE 7TH
Boise Hawks batting - Pitching for Salem-Keizer Volcanoes : RHP Joaquin Villalobos
Now at SS: Jim Begger
Now in LF: Mario Mendoza
Now in CF: Houston Brock
Now in RF: Andy Cunningham
Batting: RHB Manny Thompson 0-0: Ball
1-0: Ball
2-0: Ball
3-0: Called Strike
3-1: Fly out, F8 (Flyball, 8LD, EV 98.1 MPH)
Batting: RHB Kevin McKasson 0-0: Swinging Strike
0-1: Ball
1-1: Ball
2-1: SINGLE (Groundball, 5S, EV 75.0 MPH) (infield hit)
Batting: RHB Willie Benito 0-0: Fielders Choice at 2nd, 6-4 (Groundball, 6S, EV 92.5 MPH)
Batting: RHB Josh Lofgreen 0-0: Called Strike
0-1: Ball
1-1: Ground out 2-3 (Groundball, 2L, EV 66.9 MPH)
Bottom of the 7th over - 0 runs, 1 hit, 0 errors, 1 left on base; Salem-Keizer 5 - Boise 1
TOP OF THE 8TH
Salem-Keizer Volcanoes batting - Pitching for Boise Hawks : RHP Kevin LeRette
Batting: LHB Ben Radach 0-0: Called Strike
0-1: Ball
1-1: Ball
2-1: Called Strike
2-2: Ball
3-2: Base on Balls
Batting: LHB Tom Reynolds 0-0: Ball
1-0: Ball
2-0: Ball
3-0: Called Strike
3-1: Base on Balls
Ben Radach to second
Batting: RHB Matt Fabre 0-0: Ball
1-0: Foul Ball, location: 2F
1-1: Ball
2-1: Ball
3-1: Grounds into double play, 4-6-3 (Groundball, 4, EV 90.0 MPH)
Ben Radach to third
Batting: RHB Andy Cunningham 0-0: Ball
1-0: Ball
Wild Pitch!
Ben Radach scores
2-0: Ball
3-0: Base on Balls
Pitching: RHP Wilson Mendez
Batting: RHB Mario Mendoza 0-0: Ball
Andy Cunningham steals 2nd base
1-0: Ball
2-0: Called Strike
2-1: Ball
3-1: Base on Balls
Batting: SHB Curtis Thompson 0-0: Foul Ball, location: 2F
0-1: Foul Ball, location: 2F
0-2: Ball
1-2: Foul Ball, location: 2F
1-2: Foul Ball, location: 2F
1-2: Strikes out swinging
Top of the 8th over - 1 run, 0 hits, 0 errors, 2 left on base; Salem-Keizer 6 - Boise 1
BOTTOM OF THE 8TH
Boise Hawks batting - Pitching for Salem-Keizer Volcanoes : RHP Joaquin Villalobos
Batting: RHB Chris Kinder 0-0: Ball
1-0: Ball
2-0: Ground out 6-3 (Groundball, P, EV 86.2 MPH)
Batting: SHB Clayton Saunders 0-0: Foul Ball, location: 2F
0-1: Swinging Strike
0-2: Strikes out swinging
Batting: SHB Justin Jackson 0-0: Ball
1-0: Swinging Strike
1-1: Swinging Strike
1-2: Ball
2-2: Strikes out looking
Bottom of the 8th over - 0 runs, 0 hits, 0 errors, 0 left on base; Salem-Keizer 6 - Boise 1
TOP OF THE 9TH
Salem-Keizer Volcanoes batting - Pitching for Boise Hawks : RHP Wilson Mendez
Batting: RHB Adrian Martinelli 0-0: Foul Ball, location: 2F
0-1: Fly out, F4 (Popup, 4MD, EV 48.8 MPH)
Batting: RHB Jim Begger 0-0: Ball
1-0: Foul Ball, location: 2F
1-1: Called Strike
1-2: Fly out, F7 (Flyball, 7D, EV 77.5 MPH)
Batting: RHB Houston Brock 0-0: Called Strike
0-1: Foul Ball, location: 2F
0-2: Ground out 6-3 (Groundball, 56, EV 85.6 MPH)
Top of the 9th over - 0 runs, 0 hits, 0 errors, 0 left on base; Salem-Keizer 6 - Boise 1
BOTTOM OF THE 9TH
Boise Hawks batting - Pitching for Salem-Keizer Volcanoes : RHP Joaquin Villalobos
Batting: LHB Jason Ryan 0-0: Called Strike
0-1: Fly out, F7 (Line Drive, 7, EV 85.6 MPH)
Batting: RHB Justin Garrett 0-0: Ground out U3 (Groundball, 3S, EV 80.6 MPH)
Batting: RHB Manny Thompson 0-0: Called Strike
0-1: Ball
1-1: Ground out U3 (Groundball, 34, EV 84.4 MPH)
Bottom of the 9th over - 0 runs, 0 hits, 0 errors, 0 left on base; Salem-Keizer 6 - Boise 1
Sunday, July 16th , 2023 - OOTP Baseball 24.6 Build 69